[Event "Polish University-ch Women 2024"]
[Site "Lublin"]
[Date "2024.02.23"]
[Round "4.2"]
[White "Antolak, Julia"]
[Black "Kroliczek, Gabriela"]
[Result "1/2-1/2"]
[ECO "D89"]
[WhiteElo "2309"]
[BlackElo "1928"]
[Annotator "TA"]
[PlyCount "50"]
[EventDate "2024.02.22"]
[EventType "swiss"]
[EventCountry "POL"]
[SourceTitle "playchess.com"]
[Source "ChessBase"]
[SourceQuality "1"]
[TimeControl "600+3"]

1. d4 Nf6 2. c4 g6 3. Nc3 d5 4. cxd5 Nxd5 5. e4 Nxc3 6. bxc3 Bg7 7. Bc4 c5 8. Ne2 Nc6 9. Be3 O-O 10. O-O Bg4 11. f3 Na5 12. Bd3 cxd4 13. cxd4 Be6 14. Qa4 a6 15. Rac1 ({White should play} 15. Rfb1 $11) 15... b5 $15 16. Qb4 ({Better is} 16. Qc2 $15) 16... Bxa2 $17 {[%emt 0:00:55] Black is clearly better.} 17. d5 Bc4 18. Rfd1 {[%emt 0:00:07] [#]} Bxd3 $1 19. Rxd3 Nc4 20. Bc5 Re8 21. Nd4 Rc8 22. Rdd1 ({Don't blunder} 22. Nc6 $2 Rxc6 23. h3 Rc7 $19) 22... Bxd4+ 23. Bxd4 f6 24. Ra1 Ra8 25. Qb3 Qd6 {[%emt 0:00:06] Wards off f4.   Weighted Error Value: White=0.25 (precise) /Black=0.08 (flawless) .  Mistake:       	White=1     	---        Inaccurate:     	---       	Black=1      OK:         	White=2     	Black=6      Best:        	---       	Black=1} 1/2-1/2

[Event "Polish University-ch Women 2024"]
[Site "Lublin"]
[Date "2024.02.23"]
[Round "4.3"]
[White "Kulpa, Zuzanna"]
[Black "Czarnecka, Lidia"]
[Result "0-1"]
[ECO "D52"]
[WhiteElo "1924"]
[BlackElo "2034"]
[Annotator "NA RC"]
[PlyCount "96"]
[EventDate "2024.02.22"]
[EventType "swiss"]
[EventCountry "POL"]
[SourceTitle "playchess.com"]
[Source "ChessBase"]
[SourceQuality "1"]
[TimeControl "600+3"]

1. d4 d5 2. c4 c6 3. Nf3 Nf6 4. Nc3 e6 5. Bg5 Nbd7 6. e3 Qa5 7. Nd2 dxc4 8. Bf4 Bb4 9. Qc1 b5 10. a4 Qb6 11. Be2 O-O 12. O-O Bb7 13. Na2 Be7 14. Nc3 a6 15. Qc2 Rac8 16. Nde4 c5 17. a5 Qa7 18. Nd6 Bxd6 19. Bxd6 Rfe8 20. Rfd1 cxd4 21. exd4 Qa8 22. f3 Nf8 23. Be5 N8d7 24. Bd6 Qa7 25. Bf1 e5 26. Ne2 exd4 27. Nxd4 Nc5 28. Kh1 Nd5 29. Nf5 Nb3 30. Rab1 Bc6 31. Bg3 Ne3 32. Nxe3 Qxe3 33. Bf2 Qf4 34. Bg3 Qg5 35. Re1 Nxa5 36. Rxe8+ Rxe8 37. Ra1 Nb3 38. Rxa6 Qc5 39. Bf2 Qd5 40. Ra7 h6 41. h3 Qe5 42. Ra6 Qd5 43. Ra7 Nd2 44. Kg1 Nxf3+ 45. gxf3 Qxf3 46. Bc5 Qh1+ 47. Kf2 Qh2+ 48. Bg2 Qxg2# 0-1

[Event "Polish University-ch Women 2024"]
[Site "Lublin"]
[Date "2024.02.23"]
[Round "4.4"]
[White "Wikar, Martyna"]
[Black "Michalska, Aleksandra"]
[Result "1-0"]
[ECO "B06"]
[WhiteElo "2214"]
[BlackElo "1812"]
[Annotator "RC"]
[PlyCount "45"]
[EventDate "2024.02.22"]
[EventType "swiss"]
[EventCountry "POL"]
[SourceTitle "playchess.com"]
[Source "ChessBase"]
[SourceQuality "1"]
[TimeControl "600+3"]

1. e4 g6 2. d4 Bg7 3. Nc3 b6 4. f4 Bb7 5. Nf3 e6 6. Bd3 Ne7 7. O-O d6 8. Qe1 Nd7 9. f5 exf5 10. Bg5 f6 11. Bd2 fxe4 12. Bxe4 Bxe4 13. Qxe4 O-O 14. Rae1 Rf7 15. Ng5 fxg5 16. Rxf7 Nf5 17. Rxd7 Bxd4+ 18. Kh1 Qxd7 19. Qxa8+ Kg7 20. Qe8 Ng3+ 21. hxg3 Qg4 22. Re7+ Kh6 23. Qf8+ 1-0

[Event "Polish University-ch Women 2024"]
[Site "Lublin"]
[Date "2024.02.23"]
[Round "4.5"]
[White "Shaban, Aliaksandra"]
[Black "Jarocka, Liwia"]
[Result "0-1"]
[ECO "D04"]
[WhiteElo "1708"]
[BlackElo "2199"]
[Annotator "RC"]
[PlyCount "74"]
[EventDate "2024.02.22"]
[EventType "swiss"]
[EventCountry "POL"]
[SourceTitle "playchess.com"]
[Source "ChessBase"]
[SourceQuality "1"]
[TimeControl "600+3"]

1. d4 d5 2. Nf3 Nf6 3. e3 c6 4. Bd3 Bg4 5. O-O Nbd7 6. Nbd2 e5 7. dxe5 Nxe5 8. Be2 Ng6 9. h3 Bc8 10. b3 Be7 11. Bb2 O-O 12. c4 b6 13. Rc1 Bb7 14. Qc2 c5 15. Rfd1 Qc7 16. cxd5 Nxd5 17. a3 Rac8 18. Nc4 Rfd8 19. Bd3 Bf6 20. Bf5 Ra8 21. Be4 Bxb2 22. Nxb2 Qe7 23. Bf5 Nxe3 24. fxe3 Bxf3 25. gxf3 Qxe3+ 26. Qf2 Qg5+ 27. Bg4 h5 28. Nc4 hxg4 29. fxg4 Nf4 30. Qf3 Qh6 31. Kh2 Ne6 32. Rf1 Ng5 33. Qe3 Re8 34. Qd3 Rad8 35. Qg3 Re2+ 36. Rf2 Rxf2+ 37. Qxf2 Qxh3+ 0-1

[Event "Polish University-ch Women 2024"]
[Site "Lublin"]
[Date "2024.02.23"]
[Round "4.6"]
[White "Harazinska, Magdalena"]
[Black "Borkowska, Zuzanna"]
[Result "1-0"]
[ECO "D30"]
[WhiteElo "1950"]
[BlackElo "1559"]
[Annotator "NA RC"]
[PlyCount "67"]
[EventDate "2024.02.22"]
[EventType "swiss"]
[EventCountry "POL"]
[SourceTitle "playchess.com"]
[Source "ChessBase"]
[SourceQuality "1"]
[TimeControl "600+3"]

1. d4 d5 2. c4 e6 3. Nc3 c5 4. cxd5 exd5 5. Nf3 Nc6 6. g3 Nf6 7. Bg2 Be7 8. O-O O-O 9. b3 Bf5 10. Bb2 h6 11. Rc1 Re8 12. Na4 cxd4 13. Nxd4 Nxd4 14. Qxd4 b6 15. Rfd1 Be4 16. f3 Bf5 17. Kh1 Rc8 18. Rxc8 Qxc8 19. e4 dxe4 20. fxe4 Bg4 21. Rc1 Qd7 22. e5 Qxd4 23. Bxd4 Nh7 24. h3 Be6 25. Rc7 b5 26. Nc5 Bxc5 27. Bxc5 a6 28. Bb7 Bxh3 29. Bxa6 Ng5 30. Bd6 Re6 31. Bxb5 Nf3 32. Bd3 g6 33. Bc4 Re8 34. Bxf7+ 1-0

[Event "Polish University-ch Women 2024"]
[Site "Lublin"]
[Date "2024.02.23"]
[Round "4.7"]
[White "Wloch, Dominika"]
[Black "Furtak, Joanna"]
[Result "0-1"]
[ECO "B24"]
[WhiteElo "1285"]
[BlackElo "1883"]
[Annotator "NA RC"]
[PlyCount "47"]
[EventDate "2024.02.22"]
[EventType "swiss"]
[EventCountry "POL"]
[SourceTitle "playchess.com"]
[Source "ChessBase"]
[SourceQuality "1"]
[TimeControl "600+3"]

1. e4 c5 2. Nc3 Nc6 3. g3 g6 4. Bg2 Bg7 5. f4 d6 6. h3 e6 7. Nf3 Nge7 8. O-O Rb8 9. a4 a6 10. d3 b5 11. axb5 axb5 12. Ne2 b4 13. c3 O-O 14. cxb4 Nxb4 15. d4 cxd4 16. Nexd4 e5 17. Nc2 Nxc2 18. Qxc2 Qb6+ 19. Kh1 Ba6 20. Rf2 Rfc8 21. Qd1 Qxf2 22. Rxa6 Rc2 23. Ne1 Re2 24. Ra1 0-1

[Event "Polish University-ch Women 2024"]
[Site "Lublin"]
[Date "2024.02.23"]
[Round "4.8"]
[White "Dmochowska, Agnieszka"]
[Black "Kubicka, Anna"]
[Result "0-1"]
[ECO "E28"]
[WhiteElo "2001"]
[BlackElo "2278"]
[Annotator "RC"]
[PlyCount "114"]
[EventDate "2024.02.22"]
[EventType "swiss"]
[EventCountry "POL"]
[SourceTitle "playchess.com"]
[Source "ChessBase"]
[SourceQuality "1"]
[TimeControl "600+3"]

1. d4 Nf6 2. c4 e6 3. Nc3 Bb4 4. e3 O-O 5. Bd3 b6 6. a3 Bxc3+ 7. bxc3 Bb7 8. f3 c5 9. Ne2 Nc6 10. O-O d6 11. e4 Nd7 12. f4 e5 13. fxe5 dxe5 14. d5 Na5 15. Ng3 Bc8 16. Ra2 Nb7 17. Nf5 Nb8 18. Raf2 Bxf5 19. Rxf5 f6 20. Qg4 Nd6 21. R5f3 Qd7 22. Qg3 Qe7 23. Qh4 Nd7 24. Rh3 g6 25. Bh6 Rf7 26. Rhf3 a6 27. Qg3 b5 28. h4 bxc4 29. Bc2 Kh8 30. Qh3 Rb8 31. Bc1 Rg8 32. Be3 Nb5 33. Ba4 Nxc3 34. Bxd7 Qxd7 35. Bxc5 Qxh3 36. Rxh3 Nxe4 37. Bb4 Rd8 38. Re3 Nd6 39. Rc1 Nf5 40. Re4 Rxd5 41. Rexc4 a5 42. Be1 Nd4 43. Rc8+ Kg7 44. R1c5 Rxc5 45. Rxc5 a4 46. Rc4 Rb7 47. Rxa4 Rb1 48. Kf2 Rb2+ 49. Kg3 Nf5+ 50. Kh2 Ne3 51. Ra7+ Kh6 52. Bb4 Rxg2+ 53. Kh3 g5 54. hxg5+ fxg5 55. Bf8+ Kg6 56. Bc5 Re2 57. Rg7+ Kxg7 0-1

[Event "Polish University-ch Women 2024"]
[Site "Lublin"]
[Date "2024.02.23"]
[Round "4.9"]
[White "Kucharska, Honorata"]
[Black "Hampel, Anna"]
[Result "1-0"]
[ECO "B92"]
[WhiteElo "2137"]
[BlackElo "1697"]
[Annotator "NA RC"]
[PlyCount "50"]
[EventDate "2024.02.22"]
[EventType "swiss"]
[EventCountry "POL"]
[SourceTitle "playchess.com"]
[Source "ChessBase"]
[SourceQuality "1"]
[TimeControl "600+3"]

1. e4 c5 2. Nf3 d6 3. d4 cxd4 4. Nxd4 Nf6 5. Nc3 a6 6. Be2 e5 7. Nb3 Be6 8. Be3 Be7 9. O-O Nbd7 10. a4 O-O 11. Bf3 Rc8 12. Re1 Ne8 13. Nd2 Bg5 14. Nf1 Nb6 15. Bxg5 Qxg5 16. a5 Nc4 17. Qb1 Rc7 18. Ne3 Nxe3 19. Rxe3 f5 20. exf5 Rxf5 21. Qd1 Rd7 22. Bd5 Bxd5 23. Qxd5+ Kh8 24. Ne4 Nf6 25. Qe6 Qf4 1-0

[Event "Polish University-ch Women 2024"]
[Site "Lublin"]
[Date "2024.02.23"]
[Round "4.10"]
[White "Lascar, Radoslawa"]
[Black "Cieslak, Wiktoria"]
[Result "0-1"]
[ECO "B86"]
[WhiteElo "1804"]
[BlackElo "1868"]
[Annotator "NA"]
[PlyCount "48"]
[EventDate "2024.02.22"]
[EventType "swiss"]
[EventCountry "POL"]
[SourceTitle "playchess.com"]
[Source "ChessBase"]
[SourceQuality "1"]
[TimeControl "600+3"]

1. e4 c5 2. Nf3 d6 3. d4 cxd4 4. Nxd4 Nf6 5. Nc3 a6 6. Bc4 e6 7. Bb3 Be7 8. g4 Nc6 9. Be3 Nxd4 10. Bxd4 e5 11. Be3 Bxg4 12. f3 Be6 13. Nd5 Nxd5 14. Bxd5 Qc7 15. c3 Rc8 16. Qb3 Bxd5 17. Qxd5 Qc6 18. Qb3 b5 19. a4 bxa4 20. Rxa4 O-O 21. h4 Rb8 22. Qa2 Rxb2 23. Qxb2 Qxa4 24. Rg1 Bxh4+ 0-1

[Event "Polish University-ch Women 2024"]
[Site "Lublin"]
[Date "2024.02.23"]
[Round "5.1"]
[White "Sliwicka, Alicja"]
[Black "Wikar, Martyna"]
[Result "1-0"]
[ECO "B32"]
[WhiteElo "2309"]
[BlackElo "2214"]
[Annotator "TA"]
[PlyCount "73"]
[EventDate "2024.02.22"]
[EventType "swiss"]
[EventCountry "POL"]
[SourceTitle "playchess.com"]
[Source "ChessBase"]
[SourceQuality "1"]
[TimeControl "600+3"]

1. e4 c5 2. Nf3 Nc6 3. d4 cxd4 4. Nxd4 e5 5. Nb5 d6 6. N1c3 a6 7. Na3 Be6 8. Nc4 Rb8 9. Ne3 Nf6 10. Be2 g6 {[%emt 0:00:17] The position is equal.} 11. O-O Bg7 12. f3 O-O 13. Kh1 Ne7 14. Bc4 b5 15. Bb3 b4 16. Ncd5 Nexd5 17. exd5 Bd7 18. a3 a5 19. axb4 axb4 20. Bd2 e4 21. f4 Qb6 22. Nc4 Qc5 23. Be3 Qxd5 24. Bd4 Bg4 25. Qd2 Qh5 26. Nxd6 {[%emt 0:00:26][%cal Of4f5] And now f5! would win.} Rbd8 (26... Be6 $1 $11) 27. Qxb4 {[%emt 0:00:11][%cal Od6f7] Nxf7! would now be deadly. White is much more active.} Be2 {[%emt 0:00:08] [#]} (27... Nd5 $142 28. Bxd5 Qxd5 29. Bxg7 Kxg7) 28. Rfe1 $1 $16 Ng4 (28... Bf3 $16) 29. Bg1 $18 {[%emt 0:00:02][%cal Od6f7] Strongly threatening Nxf7!} (29. Rxe2 $2 Qxh2#) 29... Bh6 $2 (29... Nh6 30. Ra5 (30. Nxe4 Bf3 $16) (30. Qxe4 Rxd6 31. Qxe2 Qxe2 $16) 30... Nf5 31. Nxf5 (31. Nxe4 Bf3 $16) 31... gxf5) 30. Ra7 $2 (30. Nxf7 $18 Rxf7 31. Bxf7+ (31. Rxe2 Bf8 $18) 31... Kg7 32. Qe7 (32. Rxe2 Nf6 $18) (32. Qxe4 Nf6 $18) 32... Bxf4 33. Be8+ (33. Qxd8 $2 Nf2+ 34. Bxf2 Qxh2#) (33. Rxe2 Bg5 $18) 33... Kh6 34. Qf8+ (34. Qxd8 $2 Nf2+ 35. Bxf2 Qxh2#) (34. Rxe2 Bxh2 35. g3 Bxg3+ 36. Kg2 Qh4 $18) 34... Kg5 35. Ra5+ (35. Rxe2 Bxh2 36. Qe7+ Kh6 $18) 35... Ne5 36. Rxe5+ Bxe5 37. Be3+ (37. Qe7+ Bf6 $18) 37... Kg4 38. h3+ (38. Rxe2 $2 Qxh2#) 38... Qxh3+ 39. gxh3+ Kxh3 40. Qh6+ (40. Rxe2 Rd1+ 41. Bg1 Rxg1+ 42. Kxg1 Bd4+ 43. Kh1 Be5 44. Bd7+ Kh4 45. Qh6+ Kg3 46. Qh3+ Kf4 47. Qg4#) 40... Bh5 41. Bb5) 30... Bxf4 (30... Nxh2 $5 31. Qc5 (31. Bxh2 Bxf4 32. Kg1 Qxh2+ 33. Kf2 Bf3 34. Rg1 Qg3+ 35. Kf1 e3) 31... Rxd6 32. Qxh5 Bxh5 33. Bxh2 e3 $16) 31. Nxe4 {[%emt 0:00:22] Threatens to win with Nf6+.} (31. Bxf7+ $2 Rxf7 32. Qc5 Qxc5 (32... Bxd6 $2 33. Qxh5 gxh5 34. Rxf7 $19) (32... Rxd6 $2 33. Rxf7 Kxf7 34. Qxh5 $19) 33. Bxc5 Bxd6 $19) (31. Nxf7 $2 Nf2+ 32. Bxf2 Qxh2#) 31... Bxh2 $1 32. Nf6+ $1 Nxf6 33. Bxh2 Ng4 34. Qf4 {[%emt 0:00:01][%cal Rb3f7] Chess con chili.} Nxh2 $4 {[%emt 0:00:08][%mdl 8192] [#]} (34... g5 35. Bxf7+ Rxf7 36. Qxf7+ Qxf7 37. Rxf7 Kxf7 38. Rxe2) (34... Qc5 $11 35. Rxf7 (35. Rxe2 {gets mated.} Rd1+) (35. Bxf7+ Kg7 $11) 35... Rxf7 36. Qxf7+ (36. Bxf7+ Kg7 $11) 36... Kh8) 35. Bxf7+ {[%emt 0:00:05] White mates.} Kg7 36. Bd5+ Kh8 37. Qd4+ {[%emt 0:00:01] Weighted Error Value: White=0.29 (precise) /Black=0.43.  Loses game:     	---       	Black=1      Missed win:     	White=1     	---        Mistake:       	---       	Black=4      Inaccurate:     	White=2     	Black=1      OK:         	White=9     	Black=11     Best:        	White=2     	Black=1      Strong:       	White=2     	Black=1} 1-0

[Event "Polish University-ch Women 2024"]
[Site "Lublin"]
[Date "2024.02.23"]
[Round "5.2"]
[White "Czarnecka, Lidia"]
[Black "Jarocka, Liwia"]
[Result "1-0"]
[ECO "B33"]
[WhiteElo "2034"]
[BlackElo "2199"]
[Annotator "RC"]
[PlyCount "151"]
[EventDate "2024.02.22"]
[EventType "swiss"]
[EventCountry "POL"]
[SourceTitle "playchess.com"]
[Source "ChessBase"]
[SourceQuality "1"]
[TimeControl "600+3"]

1. e4 c5 2. Nf3 Nc6 3. d4 cxd4 4. Nxd4 Nf6 5. Nc3 e5 6. Ndb5 d6 7. Bg5 a6 8. Na3 b5 9. Nd5 Be7 10. Bxf6 Bxf6 11. c4 b4 12. Nc2 a5 13. g3 Bg5 14. Bg2 O-O 15. O-O Kh8 16. Qd3 Bb7 17. Rad1 Bh6 18. Nde3 Bxe3 19. Nxe3 Nd4 20. Nc2 Nxc2 21. Qxc2 Qc7 22. b3 Rad8 23. Rd2 Ra8 24. Rfd1 Ra6 25. Rd3 Qc5 26. Qd2 Rd8 27. Qg5 f6 28. Qh5 Qc7 29. Qh4 Rc6 30. Bh3 Qf7 31. Bf5 g6 32. Bh3 Kg7 33. Bg2 Bc8 34. g4 Qe7 35. h3 Be6 36. Qg3 a4 37. Qe3 axb3 38. axb3 Ra8 39. Qd2 Bf7 40. Qxb4 Ra2 41. Rxd6 Qa7 42. R6d2 Rxd2 43. Qxd2 Qa3 44. Rb1 Rd6 45. Qc2 Qb4 46. Rc1 Rb6 47. c5 Rc6 48. Qc3 Qxb3 49. Qxb3 Bxb3 50. Bf1 Rc7 51. Bb5 Kf8 52. Rc3 Be6 53. c6 Ke7 54. Rd3 h5 55. f3 hxg4 56. hxg4 Rc8 57. Kf2 Rc7 58. Ke3 g5 59. Ra3 Kd6 60. Rc3 Ke7 61. Rd3 Bc8 62. Rd2 Be6 63. Rh2 Kd6 64. Rc2 Ke7 65. Kd3 Kd6 66. Kc3 Ke7 67. Kb4 Bc8 68. Kc5 Ra7 69. Rd2 Ra3 70. Rd3 Ra1 71. Kb6 Be6 72. Rc3 Rb1 73. c7 Bd7 74. Rc5 Bxb5 75. Rxb5 Rc1 76. Kb7 1-0

[Event "Polish University-ch Women 2024"]
[Site "Lublin"]
[Date "2024.02.23"]
[Round "5.3"]
[White "Furtak, Joanna"]
[Black "Antolak, Julia"]
[Result "0-1"]
[ECO "B64"]
[WhiteElo "1883"]
[BlackElo "2309"]
[Annotator "TA"]
[PlyCount "72"]
[EventDate "2024.02.22"]
[EventType "swiss"]
[EventCountry "POL"]
[SourceTitle "playchess.com"]
[Source "ChessBase"]
[SourceQuality "1"]
[TimeControl "600+3"]

1. e4 c5 2. Nf3 e6 3. d4 cxd4 4. Nxd4 Nf6 5. Nc3 d6 6. Bg5 Be7 7. Qd2 Nc6 8. f4 h6 9. Bxf6 Bxf6 10. Ndb5 O-O 11. O-O-O Qa5 12. Bc4 Rd8 13. Nxd6 ({White should play} 13. Qe1 $11) 13... Bxc3 $2 (13... Be7 $1 $15 {stays ahead.} 14. e5 Nxe5) 14. Qxc3 $16 (14. bxc3 Qa3+ 15. Kb1 b5 $15) 14... Qb6 (14... Qxc3 $16 15. bxc3 Na5) 15. e5 $18 Bd7 (15... Qb4 $142 16. Qxb4 Nxb4) 16. Qb3 (16. f5 $142) 16... Qf2 $2 (16... Qxb3 17. axb3 Rab8) 17. Qg3 (17. Qxb7 Rab8 (17... Qxf4+ 18. Kb1 $17) 18. Qc7 (18. Rd2 Qxf4 19. Qc7 Nxe5 $17) 18... Qxf4+ 19. Kb1 Qxe5 $17) (17. Nxb7 Qxf4+ 18. Kb1 Rab8 $11) (17. Rhf1 $142 Qxg2 18. Rd2 (18. Nxb7 Rab8 $16)) 17... Qc5 (17... Qxg3 18. hxg3 Rab8) 18. Bb3 (18. Nxb7 Qxc4 19. Nxd8 Nb4 $17 (19... Rxd8 20. b3 $11)) 18... Nd4 19. Qd3 {[%emt 0:00:09] Prevents Ne2+.} ({Less strong is} 19. Nxb7 Ne2+ 20. Kb1 Nxg3 $14) 19... Nxb3+ 20. axb3 Bc6 21. Rhg1 a5 22. Qc4 Qe3+ 23. Kb1 a4 {[%emt 0:00:00] [#]} (23... Bd5 $16 {might work better.} 24. Qd4 Qxd4 25. Rxd4 f6) 24. Rge1 (24. b4 $1 $18) 24... Qb6 25. bxa4 (25. b4 $16 {is necessary to keep the advantage.}) 25... Rxa4 $19 26. Qc3 Rda8 $1 ({Resist} 26... Rxf4 27. b3 $17) (26... Bxg2 27. Nc8 Rxd1+ 28. Rxd1 $17) 27. Kc1 $2 (27. b3) 27... Qf2 {[%emt 0:00:13][%cal Ra4a1] [#] Black is clearly winning.} 28. b3 Ra1+ (28... Rxf4 $2 29. Rf1 Qxf1 30. Rxf1 Rxf1+ 31. Kb2 $19) 29. Qxa1 Rxa1+ 30. Kb2 Rxd1 31. Rxd1 Qxf4 32. Nc4 Bd5 33. Nb6 Qxe5+ 34. Ka2 Qxh2 35. Nxd5 exd5 36. Rxd5 Qxg2 {[%emt 0:00:00] Weighted Error Value: White=1.43/Black=0.59.  Loses game:     	White=1     	---        Mistake:       	White=4     	Black=5      Inaccurate:     	White=1     	---        OK:         	White=2     	Black=5      Best:        	White=2     	---        Strong:       	---       	Black=1} 0-1

[Event "Polish University-ch Women 2024"]
[Site "Lublin"]
[Date "2024.02.23"]
[Round "5.4"]
[White "Kroliczek, Gabriela"]
[Black "Harazinska, Magdalena"]
[Result "1-0"]
[ECO "B23"]
[WhiteElo "1928"]
[BlackElo "1950"]
[Annotator "ChessBase"]
[PlyCount "89"]
[EventDate "2024.02.22"]
[EventType "swiss"]
[EventCountry "POL"]
[SourceTitle "playchess.com"]
[Source "ChessBase"]
[SourceQuality "1"]
[TimeControl "600+3"]

1. e4 c5 2. Nc3 a6 3. d4 cxd4 4. Qxd4 Nc6 5. Qd2 Nf6 6. b3 e6 7. Bb2 Be7 8. O-O-O Qc7 9. Kb1 b5 10. f3 d6 11. g4 O-O 12. h4 Bb7 13. Nge2 Nd7 14. g5 Nb6 15. Nf4 Ne5 16. Qf2 Rac8 17. Nd3 Nc6 18. f4 d5 19. exd5 Nxd5 20. Nxd5 exd5 21. f5 Bd6 22. Bg2 d4 23. h5 Bg3 24. Qd2 Rfe8 25. g6 fxg6 26. hxg6 h6 27. Bd5+ Kf8 28. Rdf1 Ke7 29. Be6 Rcd8 30. Qe2 Ne5 31. Rhg1 Nxd3 32. Qxd3 Be5 33. Re1 Kf8 34. Bf7 Re7 35. Ba3 Bd6 36. Bb2 Bh2 37. Rgf1 Bg3 38. Rxe7 Kxe7 39. Bxd4 Kf8 40. Qe3 Bd6 41. Bb2 Bc5 42. Qc3 b4 43. Qxg7+ Ke7 44. Qf6+ Kf8 45. g7# 1-0

[Event "Polish University-ch Women 2024"]
[Site "Lublin"]
[Date "2024.02.23"]
[Round "5.5"]
[White "Kubicka, Anna"]
[Black "Zarebska, Lena"]
[Result "1-0"]
[ECO "B25"]
[WhiteElo "2278"]
[BlackElo "1871"]
[Annotator "RC"]
[PlyCount "89"]
[EventDate "2024.02.22"]
[EventType "swiss"]
[EventCountry "POL"]
[SourceTitle "playchess.com"]
[Source "ChessBase"]
[SourceQuality "1"]
[TimeControl "600+3"]

1. e4 c5 2. Ne2 Nc6 3. g3 g6 4. Bg2 Bg7 5. O-O e5 6. Nbc3 d6 7. Nd5 Nge7 8. Nec3 O-O 9. d3 Nd4 10. Bg5 f6 11. Be3 Rb8 12. f4 b5 13. Nxe7+ Qxe7 14. Nd5 Qd8 15. c3 Nc6 16. f5 b4 17. Bh3 bxc3 18. bxc3 Ne7 19. fxg6 Bxh3 20. Qh5 hxg6 21. Qxh3 Nxd5 22. Qe6+ Rf7 23. Qxd5 Bf8 24. Rab1 Kg7 25. Rxb8 Qxb8 26. Bh6+ Kg8 27. Rxf6 Qc7 28. Bxf8 Kxf8 29. Rxf7+ Qxf7 30. Qxd6+ Kg7 31. Qxe5+ Kh7 32. Qd5 Qf3 33. Qxc5 Qxd3 34. Qxa7+ Kh6 35. Qd4 Qb1+ 36. Kg2 Qxa2+ 37. Qf2 Qc4 38. Qe3+ Kh7 39. h4 Qa2+ 40. Qf2 Qe6 41. Qa7+ Kg8 42. Qa8+ Kh7 43. Qd5 Qg4 44. Qf7+ Kh6 45. Qf4+ 1-0

[Event "Polish University-ch Women 2024"]
[Site "Lublin"]
[Date "2024.02.23"]
[Round "5.6"]
[White "Giefert, Sara"]
[Black "Kucharska, Honorata"]
[Result "0-1"]
[ECO "D00"]
[WhiteElo "1704"]
[BlackElo "2137"]
[Annotator "ChessBase"]
[PlyCount "68"]
[EventDate "2024.02.22"]
[EventType "swiss"]
[EventCountry "POL"]
[SourceTitle "playchess.com"]
[Source "ChessBase"]
[SourceQuality "1"]
[TimeControl "600+3"]

1. d4 Nf6 2. Bg5 d5 3. e3 e6 4. Bd3 Be7 5. Nd2 Nbd7 6. f4 h6 7. Bh4 c5 8. c3 b6 9. Ngf3 Bb7 10. Ne5 Nxe5 11. fxe5 Nd7 12. Bxe7 Qxe7 13. O-O a5 14. Qe2 O-O 15. Rf3 f5 16. exf6 Nxf6 17. Raf1 e5 18. dxe5 Qxe5 19. Rf5 Qe7 20. Nf3 Rae8 21. Ne5 Bc8 22. Ng6 Qxe3+ 23. Qxe3 Rxe3 24. Nxf8 Bxf5 25. Bxf5 Kxf8 26. h3 Ke7 27. Rf2 Kd6 28. Kh2 d4 29. cxd4 cxd4 30. Rc2 Ke5 31. Bc8 d3 32. Rc1 d2 33. Rd1 Ne4 34. Bb7 Re1 0-1

[Event "Polish University-ch Women 2024"]
[Site "Lublin"]
[Date "2024.02.23"]
[Round "5.7"]
[White "Cieslak, Wiktoria"]
[Black "Michalska, Aleksandra"]
[Result "1-0"]
[ECO "B06"]
[WhiteElo "1868"]
[BlackElo "1812"]
[Annotator "NA"]
[PlyCount "103"]
[EventDate "2024.02.22"]
[EventType "swiss"]
[EventCountry "POL"]
[SourceTitle "playchess.com"]
[Source "ChessBase"]
[SourceQuality "1"]
[TimeControl "600+3"]

1. e4 g6 2. d4 Bg7 3. f4 d6 4. Nc3 Nd7 5. Nf3 e6 6. Bd3 Ne7 7. O-O O-O 8. Be3 e5 9. dxe5 dxe5 10. f5 f6 11. Qe1 Nb6 12. Rd1 Qe8 13. Nd2 g5 14. Nc4 Nd7 15. Qg3 a6 16. Be2 b5 17. Nd2 Bb7 18. a3 Nc8 19. Nb3 Nd6 20. Nc5 Nxc5 21. Bxc5 Rd8 22. Qe3 Qc6 23. Nd5 Rf7 24. Bd3 Bf8 25. b4 Bg7 26. Qe2 Qe8 27. c4 Bxd5 28. cxd5 Nb7 29. Be3 Bf8 30. Rc1 Bd6 31. Rc6 Ra8 32. Rfc1 Qb8 33. Qb2 Nd8 34. R6c2 h5 35. Be2 Rh7 36. Qb3 Kh8 37. Rc3 h4 38. Bf2 Nb7 39. Rh3 Qg8 40. Qc3 Nd8 41. g4 Rb8 42. Qc2 Qf8 43. Rc3 Ra8 44. Bc5 Rc8 45. Bxd6 Qxd6 46. Rc5 Qb6 47. Kg2 Qd6 48. a4 bxa4 49. Qxa4 Ra8 50. Qe8+ Kg7 51. Rxc7+ Kh6 52. Qg6# 1-0

[Event "Polish University-ch Women 2024"]
[Site "Lublin"]
[Date "2024.02.23"]
[Round "5.8"]
[White "Parol, Pola"]
[Black "Kulpa, Zuzanna"]
[Result "1-0"]
[ECO "B90"]
[WhiteElo "2030"]
[BlackElo "1924"]
[Annotator "ChessBase"]
[PlyCount "53"]
[EventDate "2024.02.22"]
[EventType "swiss"]
[EventCountry "POL"]
[SourceTitle "playchess.com"]
[Source "ChessBase"]
[SourceQuality "1"]
[TimeControl "600+3"]

1. e4 c5 2. Nf3 d6 3. d4 cxd4 4. Nxd4 Nf6 5. Nc3 a6 6. Nb3 g6 7. Be2 Bg7 8. g4 h5 9. g5 Nfd7 10. Be3 b5 11. Bd4 Bxd4 12. Qxd4 Rg8 13. Nd5 Nc6 14. Qd2 Nb6 15. f4 Be6 16. O-O-O Rc8 17. Kb1 Nb8 18. Rhf1 Nc4 19. Qd3 Nd7 20. h4 Ndb6 21. Nxb6 Qxb6 22. Nd4 Bd7 23. f5 Ne5 24. Qb3 a5 25. fxg6 a4 26. gxf7+ Nxf7 27. Qxf7+ 1-0

[Event "Polish University-ch Women 2024"]
[Site "Lublin"]
[Date "2024.02.23"]
[Round "5.9"]
[White "Pisarek, Elzbieta"]
[Black "Czarniecka, Aleksandra"]
[Result "0-1"]
[ECO "B52"]
[WhiteElo "1754"]
[BlackElo "1961"]
[Annotator "ChessBase"]
[PlyCount "53"]
[EventDate "2024.02.22"]
[EventType "swiss"]
[EventCountry "POL"]
[SourceTitle "playchess.com"]
[Source "ChessBase"]
[SourceQuality "1"]
[TimeControl "600+3"]

1. e4 c5 2. Nf3 d6 3. Bb5+ Bd7 4. Bxd7+ Qxd7 5. O-O Nf6 6. Re1 Nc6 7. c3 e5 8. d4 cxd4 9. cxd4 Be7 10. dxe5 dxe5 11. Qxd7+ Nxd7 12. Nc3 Bc5 13. Nd5 O-O 14. Be3 Rfd8 15. Bxc5 Nxc5 16. Rad1 f6 17. h3 Kf7 18. b4 Ne6 19. a3 Ne7 20. Nxe7 Kxe7 21. Kf1 Rac8 22. Rxd8 Kxd8 23. Rd1+ Ke7 24. Rd3 Rc1+ 25. Ne1 Nd4 26. Rd2 Ra1 27. g3 0-1